Map: Nightscape LE

Players

DwightShrute

  • Race: Protoss Protoss
  • Spawn Location: 1:00

Brad

  • Race: Protoss Protoss
  • Spawn Location: 1:00

Alebay

  • Race: Protoss Protoss
  • Spawn Location: 7:00

MattBarry

  • Race: Zerg Zerg
  • League: Gold
  • Spawn Location: 7:00

VOD

Have the link to the VOD?

Description

Time

  • Played on: Feb. 14, 2023, 9:41 p.m.
  • Length: 12:32
Show
View Real Time Build Order
Export as new Build Order

DwightShrute Protoss 

Build Orders:  

Get SALT Encoding   

  12  0:02  Probe  
  13  0:14  Probe  
  14  0:17  Pylon  
  14  0:26  Probe  
  15  0:35  Gateway  
  15  0:38  Probe (Chrono Boost)  
  16  0:44  Assimilator  
  16  0:48  Probe (Chrono Boost)  
  17  0:53  Probe (Chrono Boost)  
  18  1:04  Probe  
  18  1:10  Assimilator  
  19  1:16  Pylon, Probe  
  20  1:24  Zealot  
  22  1:28  Probe  
  23  1:37  Cybernetics Core  
  23  1:40  Probe  
  24  1:52  Gateway  
  24  1:53  Probe  
  25  1:58  Pylon  
  25  2:07  Probe  
  26  2:12  Warp Gate (Chrono Boost)  
  26  2:17  Stalker  
  28  2:36  Nexus  
  28  2:40  Probe (Chrono Boost)  
  30  2:51  Probe (Chrono Boost)  
  30  2:56  Probe (Chrono Boost)  
  31  3:01  Stalker  
  33  3:06  Probe  
  34  3:16  Stalker  
  34  3:18  Probe  
  37  3:23  Assimilator  
  37  3:27  Assimilator  
  37  3:29  Pylon  
  37  3:30  Probe  
  38  3:43  Pylon, Probe  
  39  3:52  Pylon  
  39  3:53  Probe (Chrono Boost)  
  41  3:55  Probe (Chrono Boost)  
  41  4:02  Stalker  
  41  4:05  Probe (Chrono Boost)  
  41  4:06  Probe (Chrono Boost)  
  41  4:09  Probe (Chrono Boost)  
  45  4:11  Probe (Chrono Boost)  
  45  4:16  Pylon  
  47  4:20  Probe (Chrono Boost)  
  47  4:22  Gateway  
  49  4:26  Probe (Chrono Boost)  
  49  4:30  Sentry x2  
  54  4:32  Probe (Chrono Boost)  
  54  4:37  Probe x2 (Chrono Boost)  
  56  4:46  Probe  
  56  4:52  Probe  
  58  4:57  Robotics Facility  
  58  4:58  Robotics Facility, Probe  
  59  5:04  Probe  
  60  5:10  Gateway  
  60  5:16  Twilight Council  
  60  5:22  Stalker  
  60  5:23  Stalker  
  64  5:29  Stalker  
  64  5:32  Probe x2  
  68  5:43  Nexus  
  68  5:46  Pylon  
  68  5:47  Observer x2  
  69  5:53  Stalker x2  
  69  5:54  Stalker  
  69  6:07  Stalker  
  71  6:17  Stalker x3  
  63  6:36  Stalker  
  55  6:40  Gateway  
  55  6:42  Pylon  
  55  6:49  Zealot x3  
  57  6:59  Robotics Bay  
  57  7:04  Templar Archives  
  57  7:07  Pylon  
  57  7:09  Pylon  
  57  7:11  Pylon, Stalker x2  
  57  7:12  Sentry, Zealot  
  57  7:13  Pylon  
  65  7:17  Gateway  
  65  7:19  Gateway x2  
  65  7:25  Psionic Storm  
  65  7:26  Nexus  
  65  7:30  Assimilator  
  65  7:35  Assimilator  
  65  7:40  Pylon  
  65  7:41  Stalker x2  
  65  7:42  Zealot, Sentry, Pylon  
  65  7:43  Zealot  
  75  7:47  Extended Thermal Lance (Chrono Boost)  
  76  8:12  Probe  
  76  8:13  Probe  
  76  8:14  Sentry, Stalker x2  
  76  8:16  High Templar x2  
  76  8:17  High Templar  
  76  8:18  Sentry, Zealot  
  93  8:25  Probe x2  
  95  8:30  Pylon  
  95  8:34  Blink (Chrono Boost)  
  95  8:37  Probe x2  
  95  8:38  Forge x2  
  97  8:49  Probe  
  98  9:00  Zealot x2, Stalker  
  98  9:01  Sentry x3, Zealot  
  98  9:02  Zealot  
  114  9:06  Probe x3  
  117  9:21  High Templar  
  117  9:22  Zealot  
  117  9:23  Stalker x2  
  125  9:26  Zealot x3  
  131  9:50  Zealot  
  131  9:51  Stalker x4  
  131  9:52  Stalker  
  143  10:06  Protoss Ground Weapons Level 1 (Chrono Boost)  
  143  10:07  Protoss Ground Armor Level 1 (Chrono Boost)  
  143  10:10  Probe  
  144  10:18  Charge (Chrono Boost)  
  144  10:20  Zealot x2  
  148  10:28  Pylon  
  148  10:30  Pylon  
  148  10:32  Pylon  
  148  10:34  Pylon, Colossus  
  154  10:36  Pylon  
  154  10:41  Zealot  
  156  10:46  Colossus  
  162  10:50  Zealot  
  162  10:51  Zealot x5  
  162  10:52  Zealot  
  142  11:24  Stalker  
  142  11:25  Stalker x6  
  152  11:26  Stalker  
  142  11:52  Stalker x3  
  142  11:53  Stalker x4  
  142  11:54  Stalker  
  138  12:04  Probe  
  138  12:05  Probe x2  
  139  12:17  Nexus, Probe x2  
  139  12:18  Stalker x3  
  139  12:20  Sentry x2  
Show
View Real Time Build Order
Export as new Build Order

Brad Protoss 

Build Orders: 1 Gate Expand, Carriers 

Get SALT Encoding   

  12  0:01  Probe  
  13  0:13  Probe  
  14  0:17  Pylon  
  14  0:25  Probe  
  15  0:35  Gateway  
  15  0:38  Probe  
  16  0:46  Assimilator  
  16  0:51  Probe  
  17  1:03  Probe  
  18  1:15  Probe  
  19  1:22  Nexus  
  19  1:30  Pylon  
  19  1:40  Cybernetics Core  
  19  1:44  Assimilator  
  19  1:47  Probe (Chrono Boost)  
  20  1:57  Probe (Chrono Boost)  
  21  2:03  Pylon  
  21  2:05  Probe  
  22  2:17  Probe  
  22  2:18  Stargate  
  24  2:30  Probe (Chrono Boost)  
  24  2:34  Assimilator  
  24  2:39  Probe (Chrono Boost)  
  24  2:42  Probe (Chrono Boost)  
  26  2:49  Probe (Chrono Boost)  
  26  2:50  Protoss Air Weapons Level 1, Probe (Chrono Boost)  
  28  2:55  Probe (Chrono Boost)  
  28  2:56  Assimilator  
  29  3:05  Probe (Chrono Boost)  
  31  3:06  Probe (Chrono Boost)  
  31  3:11  Probe (Chrono Boost)  
  32  3:19  Void Ray  
  36  3:24  Probe x2  
  38  3:36  Probe x2  
  38  3:39  Stargate  
  40  3:42  Stargate  
  40  3:47  Pylon  
  41  3:51  Probe (Chrono Boost)  
  41  3:52  Probe (Chrono Boost)  
  42  4:00  Probe (Chrono Boost)  
  44  4:02  Phoenix (Chrono Boost)  
  44  4:03  Probe (Chrono Boost)  
  46  4:12  Probe  
  46  4:13  Probe  
  48  4:22  Stargate  
  48  4:27  Probe  
  48  4:28  Probe  
  54  4:39  Void Ray  
  54  4:45  Probe x2  
  60  4:57  Void Ray (Chrono Boost)  
  60  4:58  Protoss Air Armor Level 1  
  60  5:25  Pylon  
  60  5:27  Pylon  
  60  5:29  Pylon  
  60  5:31  Pylon  
  60  5:33  Pylon  
  60  5:34  Pylon  
  60  5:46  Nexus  
  60  5:49  Void Ray x2, Assimilator  
  72  5:52  Assimilator  
  72  5:54  Void Ray  
  66  6:28  Probe x2  
  66  6:31  Void Ray (Chrono Boost)  
  76  6:34  Void Ray (Chrono Boost)  
  76  6:39  Void Ray (Chrono Boost)  
  76  6:40  Probe  
  76  6:45  Void Ray (Chrono Boost)  
  77  6:55  Fleet Beacon  
  77  6:58  Probe x3  
  80  7:10  Probe  
  80  7:13  Probe x2  
  80  7:15  Void Ray  
  87  7:22  Probe  
  88  7:25  Probe x2  
  98  7:34  Void Ray  
  98  7:35  Void Ray  
  98  7:41  Nexus  
  98  7:46  Assimilator  
  98  7:50  Protoss Air Weapons Level 2 (Chrono Boost)  
  98  7:52  Assimilator  
  98  7:59  Carrier x2  
  98  8:05  Nexus  
  98  8:08  Carrier  
  116  8:23  Assimilator  
  116  8:25  Carrier, Probe x3  
  119  8:28  Assimilator  
  125  8:53  Probe x3  
  128  9:04  Pylon  
  128  9:05  Probe x3  
  128  9:07  Stargate  
  128  9:09  Stargate  
  117  9:30  Carrier x2  
  126  9:42  Carrier  
  132  9:49  Carrier  
  132  9:55  Probe (Chrono Boost)  
  132  9:58  Probe x2 (Chrono Boost)  
  132  9:59  Probe (Chrono Boost)  
  139  10:07  Probe (Chrono Boost)  
  139  10:10  Pylon, Probe x2 (Chrono Boost)  
  139  10:11  Probe (Chrono Boost)  
  139  10:13  Pylon  
  140  10:14  Carrier  
  140  10:15  Pylon  
  140  10:17  Pylon  
  146  10:22  Probe  
  147  10:34  Carrier, Probe  
  154  10:38  Nexus  
  154  10:40  Pylon  
  154  10:42  Pylon  
  154  10:43  Assimilator  
  154  10:46  Probe (Chrono Boost)  
  152  10:56  Probe (Chrono Boost)  
  152  11:01  Probe (Chrono Boost)  
  145  11:09  Carrier  
  146  11:13  Probe  
  146  11:17  Probe x3  
  150  11:25  Probe  
  151  11:29  Probe  
  158  11:52  Probe (Chrono Boost)  
  156  11:56  Probe (Chrono Boost)  
  156  11:57  Probe x2 (Chrono Boost), Nexus  
  156  12:00  Assimilator  
  156  12:04  Assimilator  
  156  12:05  Probe x3 (Chrono Boost)  
  156  12:06  Probe (Chrono Boost)  
  160  12:15  Probe  
Show
View Real Time Build Order
Export as new Build Order

Alebay Protoss 

Build Orders: 1 Gate Expand, Blink Stalkers 

Get SALT Encoding   

  12  0:00  Probe  
  13  0:12  Probe  
  14  0:18  Pylon  
  14  0:24  Probe  
  15  0:37  Gateway, Probe  
  16  0:43  Assimilator  
  17  0:50  Probe  
  17  1:02  Probe  
  18  1:14  Probe  
  19  1:25  Cybernetics Core  
  19  1:26  Probe  
  20  1:34  Nexus  
  20  1:39  Probe  
  21  1:43  Assimilator  
  21  1:49  Pylon  
  21  1:52  Probe  
  22  1:55  Warp Gate (Chrono Boost)  
  22  2:04  Probe  
  22  2:07  Adept  
  25  2:16  Probe  
  26  2:29  Probe  
  27  2:33  Gateway  
  27  2:41  Stalker, Probe  
  30  2:46  Probe  
  31  2:54  Twilight Council  
  31  2:56  Probe  
  32  2:59  Probe  
  33  3:08  Probe  
  33  3:11  Gateway, Probe  
  35  3:20  Pylon, Probe  
  35  3:23  Probe  
  35  3:26  Blink (Chrono Boost)  
  37  3:30  Pylon  
  37  3:32  Probe  
  38  3:35  Probe  
  39  3:45  Probe  
  39  3:47  Probe  
  39  3:48  Stalker x2  
  45  3:56  Forge  
  45  3:58  Probe  
  45  3:59  Probe  
  47  4:07  Gateway  
  47  4:11  Assimilator  
  47  4:16  Probe x2  
  49  4:18  Stalker x2  
  49  4:23  Stalker  
  55  4:28  Probe x2  
  57  4:33  Assimilator  
  57  4:39  Protoss Ground Weapons Level 1 (Chrono Boost)  
  57  4:46  Stalker x2  
  57  4:50  Pylon  
  57  4:52  Shield Battery  
  61  4:55  Photon Cannon  
  61  4:57  Probe  
  62  5:06  Pylon  
  62  5:07  Pylon  
  62  5:08  Probe  
  62  5:11  Stalker x2  
  62  5:13  Stalker  
  69  5:27  Probe x2  
  71  5:32  Stalker  
  73  5:45  Stalker x2  
  73  5:46  Stalker  
  59  6:18  Stalker x3  
  59  6:19  Stalker  
  61  6:32  Protoss Ground Armor Level 1 (Chrono Boost)  
  55  6:42  Gateway  
  55  6:43  Gateway  
  55  6:44  Gateway  
  51  6:56  Stalker x4  
  59  7:16  Nexus  
  59  7:18  Pylon  
  59  7:19  Stalker x2  
  59  7:20  Pylon, Stalker x2  
  67  7:28  Pylon  
  67  7:30  Pylon  
  67  7:41  Gateway  
  67  7:43  Gateway  
  67  7:44  Probe x2  
  67  7:46  Stalker  
  67  7:47  Stalker x6  
  83  7:56  Probe x2  
  85  8:08  Probe x2  
  85  8:10  Stalker x4  
  85  8:11  Stalker x2  
  99  8:13  Protoss Ground Weapons Level 2 (Chrono Boost)  
  99  8:20  Probe x2  
  101  8:28  Probe  
  101  8:30  Stalker  
  104  8:35  Stalker x2  
  108  8:42  Forge  
  108  8:44  Photon Cannon  
  108  8:46  Probe x2  
  108  8:47  Probe  
  111  8:58  Pylon  
  111  9:01  Pylon, Probe x3  
  114  9:03  Stalker  
  112  9:39  Probe x3  
  115  9:55  Stalker x2  
  115  9:56  Stalker x6  
  115  9:57  Stalker  
  115  9:58  Protoss Ground Armor Level 2 (Chrono Boost)  
  133  10:09  Assimilator x2  
  133  10:10  Probe x3  
  136  10:34  Nexus  
  136  10:37  Pylon  
  136  10:38  Pylon  
  136  10:43  Shield Battery  
  136  10:45  Photon Cannon  
  136  10:47  Photon Cannon  
  120  11:14  Stalker x5  
  120  11:15  Stalker x4  
  124  11:44  Stalker x3  
  124  11:45  Stalker x5  
  124  11:46  Stalker  
  67  12:12  Stalker  
  67  12:13  Stalker x6  
  67  12:14  Stalker x2  
Show
View Real Time Build Order
Export as new Build Order

MattBarry Zerg 

Build Orders: Hatch First, Roach Hydra 

Get SALT Encoding   

  12  0:01  Drone  
  13  0:13  Overlord  
  13  0:20  Drone  
  14  0:33  Drone x2  
  16  0:58  Hatchery  
  16  1:00  Drone x3  
  18  1:06  Extractor  
  17  1:18  Spawning Pool  
  16  1:23  Drone  
  16  1:25  Drone  
  18  1:33  Drone  
  19  1:45  Drone  
  20  2:05  Extractor  
  20  2:07  Queen  
  21  2:08  Zergling x2  
  21  2:10  Queen, Overlord  
  21  2:15  Drone  
  25  2:16  Overlord  
  25  2:32  Drone  
  26  2:39  Roach Warren  
  26  2:42  Evolution Chamber  
  24  2:46  Queen  
  26  2:52  Drone  
  26  2:53  Zergling x2, Drone  
  29  3:00  Drone x2  
  30  3:16  Zerg Missile Weapons Level 1  
  30  3:24  Roach x4  
  40  3:34  Roach x2  
  40  3:37  Roach  
  44  3:47  Overlord  
  44  4:00  Overlord  
  44  4:09  Roach x4  
  52  4:26  Overlord  
  52  4:27  Drone  
  52  4:28  Drone  
  53  4:41  Zergling x2  
  53  4:43  Roach x3  
  53  4:44  Metabolic Boost  
  60  4:48  Lair  
  60  4:57  Drone x3  
  63  5:24  Overlord  
  63  5:25  Overlord x2  
  63  5:38  Overlord  
  63  5:48  Hatchery  
  62  5:52  Zergling x2  
  62  5:53  Zergling x20  
  70  6:10  Zergling x2  
  70  6:11  Zergling x12  
  63  6:25  Hydralisk Den  
  63  6:27  Spore Crawler  
  63  6:29  Spore Crawler  
  51  6:35  Drone  
  51  6:36  Drone x5  
  49  7:01  Hydralisk x5  
  59  7:17  Spore Crawler  
  59  7:18  Spore Crawler, Drone  
  59  7:20  Extractor  
  57  7:22  Queen, Extractor  
  58  7:39  Muscular Augments  
  58  7:40  Glial Reconstitution  
  58  7:51  Zerg Melee Weapons Level 1  
  58  7:53  Hydralisk, Drone x4  
  58  7:58  Overlord  
  64  8:01  Drone  
  64  8:02  Drone  
  64  8:04  Drone  
  67  8:07  Drone  
  68  8:27  Drone x2  
  68  8:28  Drone x2  
  68  8:29  Overlord  
  72  8:38  Drone x4  
  72  8:39  Drone  
  76  8:58  Hydralisk x3, Grooved Spines  
  76  9:00  Hydralisk  
  84  9:08  Hydralisk x2  
  87  9:19  Hydralisk  
  87  9:23  Overlord x3  
  87  9:41  Hydralisk x5  
  97  9:53  Extractor  
  97  9:55  Extractor  
  95  10:00  Zerg Missile Weapons Level 2  
  95  10:01  Hydralisk x4  
  103  10:17  Hydralisk, Drone x4  
  103  10:18  Hydralisk x2  
  111  10:49  Hydralisk  
  111  10:52  Overlord x5  
  99  11:09  Hydralisk x3  
  99  11:10  Hydralisk x8  
  98  11:25  Spire  
  97  11:35  Hydralisk x3  
  97  11:36  Hydralisk  
  83  11:49  Hydralisk  
  83  11:50  Hydralisk x3  
  77  11:54  Hydralisk  
  77  12:00  Hydralisk  
  77  12:01  Hydralisk  
Tags
 
Add a new tag
Caveats
  • Supply blocks, unpowered buildings, or Contaminate may cause inaccurate times.
  • Supply counts are checked every 10 seconds.